 Dungeon Crawl Stone Soup version 0.29.1-4-g47bece8355 (webtiles) character file.

Game seed: 4173923666898103241

74452 retardedninja the Severer (level 15, -6/144 HPs)
             Began as a Hill Orc Fighter on Dec 9, 2022.
             Was an Initiate of Gozag.
             Mangled by Kirke (10 damage)
             ... on level 12 of the Dungeon.
             The game lasted 00:48:48 (34466 turns).

retardedninja the Severer (Hill Orc Fighter)       Turns: 34466, Time: 00:48:48

Health: -6/144     AC:  0    Str: 27    XL:     15   Next: 46%
Magic:  15/15      EV: 14    Int:  8    God:    Gozag
Gold:   574        SH:  5    Dex: 10    Spells: 14/14 levels left

rFire   + . .      SeeInvis .   (weapon currently unavailable)
rCold   + . .      Faith    .   (shield currently unavailable)
rNeg    . . .      Spirit   .   (body armour currently unavailable)
rPois   +          Reflect  +   (helmet currently unavailable)
rElec   +          Harm     .   (cloak currently unavailable)
rCorr   +          Rampage  .   (gloves currently unavailable)
Will    +....                   (boots currently unavailable)
Stlth   ++........              s - amulet of reflection
HPRegen 0.34/turn               (ring currently unavailable)
MPRegen 0.14/turn               (ring currently unavailable)

@: mighty, brilliant, about to teleport, pig-form, resistant, on berserk
cooldown, hasted and slowed, studying Maces & Flails, invisible, very quick
A: fast, no casting, small
a: Renounce Religion, Potion Petition, Call Merchant, Bribe Branch


You were on level 12 of the Dungeon.
You worshipped Gozag.
Gozag was pleased with you.
You were a filthy swine.
You visited 4 branches of the dungeon, and saw 21 of its levels.
You also visited: Ossuary.

You collected 7962 gold pieces.
You spent 1795 gold pieces at shops.
You paid 5593 gold pieces to Gozag.

Inventory:

Hand Weapons
 p - a +7 war axe of freezing (melded)
Missiles
 c - a throwing net (quivered)
 r - 6 silver javelins
Armour
 a - a +0 kite shield (melded)
 D - a +0 helmet (melded)
 E - a +0 cloak of stealth (melded)
 I - a +0 pair of gloves (melded)
 Q - the +5 plate armour of Eruhet (melded) {rPois Regen+ rCorr Int-3}
   (You bought it in a shop on level 11 of the Dungeon)

   Int:       It affects your intelligence (-3).
   rPois:     It protects you from poison.
   Regen:     It increases your rate of health regeneration.
   rCorr:     It protects you from acid and corrosion.
 S - a +2 pair of boots of rampaging (melded)
Jewellery
 n - a +6 ring of dexterity
 q - a ring of willpower (melded)
 s - an amulet of reflection (around neck)
 w - a +4 ring of evasion (melded)
 x - an amulet of regeneration
 F - a ring of protection from cold
 J - a +4 ring of protection
 O - a ring of wizardry
 P - a ring of protection from cold
 V - an amulet of magic regeneration
Wands
 f - a wand of polymorph (7)
 t - a wand of mindburst (33)
 H - a wand of roots (7)
 M - a wand of flame (10)
 N - a wand of paralysis (20)
Scrolls
 e - a scroll of silence
 g - 3 scrolls of amnesia
 h - 12 scrolls of identify
 k - 2 scrolls of immolation
 l - a scroll of summoning
 o - 11 scrolls of teleportation
 u - 6 scrolls of poison
 B - 10 scrolls of noise
 C - a scroll of fear
 K - 4 scrolls of butterflies
 L - 3 scrolls of magic mapping
 R - a scroll of brand weapon
 W - a scroll of enchant armour
Potions
 b - a potion of flight
 d - 5 potions of lignification
 i - 5 potions of attraction
 m - 4 potions of haste
 v - 9 potions of curing
 z - 4 potions of mutation
 A - a potion of magic
 G - 3 potions of brilliance
Miscellaneous
 j - a piece from Xom's chessboard (15/15)
 y - a tin of tremorstones (2/2)


   Skills:
 + Level 16.0 Fighting
 + Level 19.6 Axes
 + Level 0.2 Throwing
 + Level 14.8 Armour
 - Level 2.2 Dodging
 - Level 2.3 Stealth
 + Level 13.3 Shields
 + Level 1.2 Evocations


You had 14 spell levels left.
You didn't know any spells.
Your spell library contained the following spells:

 Spells                   Type           Power      Damage    Failure   Level
 Foxfire                  Conj/Fire      0%         2x1d4     41%         1
 Freeze                   Ice            0%         1d3       41%         1
 Magic Dart               Conj           0%         1d3       41%         1
 Ensorcelled Hibernation  Hex/Ice        0%         N/A       54%         2
 Scorch                   Fire           0%         2d5       54%         2
 Searing Ray              Conj           0%         2d4       54%         2
 Call Canine Familiar     Summ           0%         N/A       78%         3
 Conjure Flame            Conj/Fire      0%         6-21      78%         3
 Dazzling Flash           Conj/Hex       0%         N/A       78%         3
 Frozen Ramparts          Ice            0%         1d1       78%         3
 Inner Flame              Hex/Fire       0%         N/A       78%         3
 Portal Projectile        Hex/Tloc       0%         N/A       78%         3
 Spider Form              Tmut/Pois      0%         N/A       78%         3
 Anguish                  Hex/Necr       0%         N/A       99%         4
 Flame Wave               Conj/Fire      0%         2d4       99%         4
 Fulminant Prism          Conj/Hex       0%         3d6       99%         4
 Hailstorm                Conj/Ice       0%         3d3       99%         4
 Leda's Liquefaction      Hex/Erth       0%         N/A       99%         4
 Agony                    Necr           0%         N/A       100%        5
 Silence                  Hex/Air        0%         N/A       100%        5
 Summon Cactus Giant      Summ           0%         N/A       100%        6
 Malign Gateway           Summ/Tloc      0%         N/A       100%        7
 Summon Horrible Things   Summ           0%         N/A       100%        8


Dungeon Overview and Level Annotations

Branches:
Dungeon (13/15)            Temple (1/1) D:6            Lair (5/5) D:8
 Shoals (0/4) Lair:2       Spider (0/4) Lair:2        Slime (0/5) Lair:5
    Orc (2/2) D:10            Elf (0/3) Orc:2       Ossuary (visited)
 Vaults: D:13-14

Altars:
Ashenzari
Cheibriados
Dithmenos
Elyvilon
Fedhas
Gozag
Hepliaklqana
Kikubaaqudgha
Makhleb
Nemelex Xobeh
Okawaru
Qazlal
Ru
Sif Muna
Vehumet
Zin
The Shining One
Beogh
Jiyva

Shops:
D:9 *   D:11 [?*   Orc:2 (?[?

Portals:
Trove: D:11 (give +4 storm dragon scales)

Annotations:
D:4 3 runed translucent doors, GigaChad's ghost, amateur MiFi; sigtrap's ghost, amateur MiCK
D:7 1 runed translucent door, Jingleheimer's ghost, novice TeGl
D:10 2 transporters, Lutefisk's ghost, journeyman TeAE
D:12 Kirke


Message History

[c] - 345 gold - haste and heal wounds Purchase which effect?
You feel much better.
You feel better. Magic courses through your body.
You are stuck in your current form!
You feel mightier all of a sudden.
You feel protected. Something hits you!
* * * LOW HITPOINT WARNING * * *
The sphinx completely misses you. You block the sphinx's attack.
The sphinx hits you!
* * * LOW HITPOINT WARNING * * *
Something hits you!
* * * LOW HITPOINT WARNING * * *
The sphinx closely misses you. The sphinx misses you. x2
Unknown command.
Okay, then. [a] - 250 gold - resistance [b] - 336 gold - invisibility and might [c] - 729 gold - haste, heal wounds, brilliance and magic Purchase which effect? [a] - 250 gold - resistance [b] - 336 gold - invisibility and might [c] - 729 gold - haste, heal wounds, brilliance and magic Purchase which effect? [a] - 250 gold - resistance [b] - 336 gold - invisibility and might [c] - 729 gold - haste, heal wounds, brilliance and magic Purchase which effect?
You no longer have enough gold to fund merchants seeking to open stores in the dungeon.
You feel yourself speed up.
You feel much better.
You feel more clever all of a sudden. Magic courses through your body.
Something hits you!
* * * LOW HITPOINT WARNING * * *
The sphinx closely misses you. The sphinx hits you!
* * * LOW HITPOINT WARNING * * *
The sphinx barely misses you.
As you read the scroll of teleportation, it crumbles to dust.
You feel strangely unstable. The sphinx barely misses you.
You block the sphinx's attack. x2; Something hits you!
You die...
Your body crumbles into a pile of gold.

.#.#.#.###.# #.#### #
...#...#...# #....# #
...>.####### ####.# # ####..##
#.# ##### .......#### #####'#####
#..[.
..........######>........####.###
.<.....##.....##.....>...'.##.#..
.......######..#.H.......#.####.#
.......# ##.+h........#..'...#
.......# ###.....⌠.⌠.####.###
.......# #......_..# #.#..
.......# #.....⌠.⌠.# #.#.#
.......# #.........# #...#
.......# #.........# #####
######## ###########


You could see a sphinx (summoned).

Vanquished Creatures
  A fire giant (Orc:1)
  3 ettins (Orc:1)
  A fire dragon (Lair:5)
  An ogre mage (Orc:1)
  5 hydras
  A boulder beetle (D:11)
  5 two-headed ogres
  2 centaur warriors (D:13)
  Urug (D:11)
  2 death yaks
  An orc high priest (Orc:2)
  Sonja (Orc:2)
  Pikel (D:5)
  A swamp dragon (Lair:5)
  3 orc sorcerers
  2 orc knights
  A wolf spider (Lair:5)
  15 cyclopes
  A manticore (D:12)
  5 torpor snails
  4 elephants (Lair:1)
  A guardian serpent (Lair:5)
  18 cane toads
  5 black mambas (Lair:5)
  2 gargoyles
  Psyche (D:12)
  2 rime drakes (Lair:5)
  An unseen horror (D:12)
  A kobold demonologist (D:6)
  8 komodo dragons
  10 trolls
  2 polar bears (Lair:5)
  3 hornets
  6 slime creatures (D:12)
  19 blink frogs
  Sigmund (D:5)
  2 shadows
  3 wraiths
  47 yaks
  21 wyverns
  4 basilisks
  4 hogs (D:13)
  3 redbacks (Lair:5)
  4 steam dragons
  7 vampire mosquitoes (D:11)
  Menkaure (D:7)
  8 wargs
  3 acid dragons
  16 water moccasins
  2 black bears
  3 swamp drakes (Lair:5)
  An ice beast (D:7)
  34 orc warriors
  2 sky beasts (D:7)
  8 ogres
  6 wolves
  18 centaurs
  3 kobold brigands
  A lemure (D:5)
  3 phantoms
  14 bullfrogs
  Blork the orc (D:4)
  3 gnoll sergeants
  A necrophage (D:6)
  4 water moccasin zombies (Ossuary)
  5 scorpions
  11 wights
  A troll zombie (D:10)
  13 killer bees
  A howler monkey (D:9)
  4 centaur zombies (Ossuary)
  A hound (D:4)
  13 orc priests
  6 jellies
  6 iguanas
  A scorpion zombie (Ossuary)
  30 orc wizards
  5 ogre zombies (D:10)
  Robin (D:3)
  26 gnolls
  7 adders
  3 shadow imps
  6 white imps
  An ufetubus (D:5)
  An adder zombie (Ossuary)
  A worm (D:2)
  75 orcs
  3 bats (D:1)
  14 endoplasms
  3 giant cockroaches
  5 gnoll zombies (Ossuary)
  25 goblins
  13 hobgoblins
  5 jackals
  A quokka (D:4)
  9 ball pythons
  5 frilled lizards
  6 goblin zombies
  2 hobgoblin skeletons (D:10)
  2 hobgoblin zombies (Ossuary)
  21 kobolds
  An orc skeleton (D:10)
  16 orc zombies
  6 rats
  A rat zombie (D:8)
720 creatures vanquished.

Vanquished Creatures (others)
  2 basilisks (D:8)
  An iguana (Lair:5)
  An orc (Orc:1)
  38 fungi
  103 plants
  5 toadstools (D:2)
  2 withered plants (D:7)
152 creatures vanquished.

Grand Total: 872 creatures vanquished

Notes
Turn   | Place    | Note
-------+----------+-------------------------------------------
     0 | D:1      | retardedninja the Hill Orc Fighter began the quest for the
                  | Orb.
     0 | D:1      | Reached XP level 1. HP: 19/19 MP: 1/1
   154 | D:1      | Reached XP level 2. HP: 23/27 MP: 2/2
   548 | D:1      | Found a faded altar of an unknown god.
   859 | D:1      | Reached XP level 3. HP: 30/33 MP: 3/3
  1162 | D:1      | Reached skill level 3 in Axes
  1609 | D:2      | Reached XP level 4. HP: 37/40 MP: 4/4
  1726 | D:2      | Reached skill level 4 in Axes
  1844 | D:2      | Reached XP level 5. HP: 27/47 MP: 5/5
  2473 | D:3      | Reached skill level 5 in Fighting
  2479 | D:3      | Reached skill level 5 in Armour
  2479 | D:3      | Reached XP level 6. HP: 38/56 MP: 6/6
  2705 | D:3      | Reached skill level 5 in Axes
  3066 | D:3      | Noticed Robin
  3081 | D:3      | Killed Robin
  3161 | D:3      | Found a snail-covered altar of Cheibriados.
  3590 | D:4      | Reached skill level 6 in Axes
  3688 | D:4      | Reached XP level 7. HP: 37/61 MP: 7/7
  3816 | D:4      | Found a runed translucent gate.
  3816 | D:4      | Found a runed translucent gate.
  3816 | D:4      | Found a runed translucent gate.
  3817 | D:4      | Noticed GigaChad's ghost (amateur MiFi)
  3818 | D:4      | Noticed sigtrap's ghost (amateur MiCK)
  4454 | D:4      | Noticed Blork the orc
  4464 | D:4      | Killed Blork the orc
  4533 | D:4      | Found a sacrificial altar of Ru.
  4855 | D:5      | Entered Level 5 of the Dungeon
  4877 | D:5      | Noticed Pikel
  4881 | D:5      | Reached skill level 7 in Axes
  4887 | D:5      | Killed Pikel
  4888 | D:5      | Reached skill level 8 in Axes
  4888 | D:5      | Reached XP level 8. HP: 52/70 MP: 8/8
  5143 | D:5      | Noticed Sigmund
  5150 | D:5      | Killed Sigmund
  5151 | D:5      | Reached skill level 9 in Axes
  5414 | D:5      | Identified the +8 sling of the Known World {speed, rElec
                  | rF- MP+9 Dex+2}
  5978 | D:5      | Reached skill level 10 in Axes
  6765 | D:6      | Found a staircase to the Ecumenical Temple.
  6789 | D:6      | Reached XP level 9. HP: 74/78 MP: 9/9
  6809 | Temple   | Entered the Ecumenical Temple
  6875 | Temple   | Became a worshipper of Gozag Ym Sagoz the Greedy
  7020 | D:6      | Noticed a kobold demonologist
  7035 | D:6      | Noticed a hellwing
  7057 | D:6      | Noticed an orange demon
  7057 | D:6      | Killed a kobold demonologist
  7058 | D:6      | Reached skill level 11 in Axes
  7665 | D:7      | Found a runed translucent door.
  7665 | D:7      | Noticed Jingleheimer's ghost (novice TeGl)
  7758 | D:7      | Found a sparkling altar of Nemelex Xobeh.
  7764 | D:7      | Found a burning altar of Makhleb.
  7776 | D:7      | Reached skill level 12 in Axes
  7785 | D:7      | Noticed Menkaure
  7798 | D:7      | Killed Menkaure
  7799 | D:7      | Reached skill level 1 in Stealth
  8407 | D:7      | Reached XP level 10. HP: 61/88 MP: 10/10
  8571 | D:7      | Reached skill level 13 in Axes
  8595 | D:7      | Found a glowing golden altar of the Shining One.
  8601 | D:7      | Found a shadowy altar of Dithmenos.
  9353 | D:7      | Identified the +4 ring mail "Havy" {Dex+2}
  9555 | D:7      | Reached skill level 1 in Dodging
  9757 | D:8      | Found a blossoming altar of Fedhas.
  9767 | D:8      | Found a sand-covered staircase.
  9769 | D:8      | You fall into a shaft and drop 2 floors!
  9769 | D:10     | Entered Level 10 of the Dungeon
  9866 | D:10     | Noticed a two-headed ogre
  9875 | D:10     | Reached skill level 14 in Axes
  9877 | D:10     | Killed a two-headed ogre
 10231 | Ossuary  | Entered an ossuary
 10525 | Ossuary  | Reached skill level 5 in Shields
 10664 | Ossuary  | Reached skill level 15 in Axes
 10868 | D:8      | Reached XP level 11. HP: 55/97 MP: 11/11
 11200 | D:8      | Found a staircase to the Lair.
 12515 | D:9      | Found Rarhisch's Changing Room.
 12707 | D:9      | Found an iron altar of Okawaru.
 13131 | D:10     | Found a staircase to the Orcish Mines.
 13143 | D:10     | Reached skill level 10 in Fighting
 13143 | D:10     | Reached skill level 16 in Axes
 13846 | D:10     | Noticed a five-headed hydra
 13846 | D:10     | Noticed Lutefisk's ghost (journeyman TeAE)
 13932 | D:10     | Found a transporter.
 14003 | D:10     | Noticed a two-headed ogre
 14010 | D:10     | Found a transporter.
 14267 | Lair:1   | Entered Level 1 of the Lair of Beasts
 14282 | Lair:1   | Reached skill level 10 in Armour
 14778 | Lair:1   | Noticed a death yak
 14778 | Lair:1   | Noticed a death yak
 15184 | D:8      | HP: 5/101 [death yak[a torpor snail] (9)]
 15188 | D:8      | Killed a death yak
 15189 | D:8      | Reached XP level 12. HP: 31/108 MP: 12/12
 15687 | Lair:1   | Killed a death yak
 15775 | Lair:1   | Found a snail-covered altar of Cheibriados.
 15964 | Lair:1   | Reached skill level 17 in Axes
 18285 | Lair:2   | Found a staircase to the Shoals.
 18733 | Lair:2   | Found a hole to the Spider Nest.
 19552 | Lair:3   | Reached XP level 13. HP: 119/119 MP: 13/13
 22007 | Lair:5   | Entered Level 5 of the Lair of Beasts
 23389 | Lair:5   | Reached skill level 1 in Evocations
 23640 | Lair:5   | Reached skill level 10 in Shields
 23662 | Lair:5   | Reached skill level 18 in Axes
 24147 | Lair:5   | Reached XP level 14. HP: 132/132 MP: 14/14
 24173 | Lair:5   | Found a hazy altar of Hepliaklqana.
 25326 | Lair:5   | Found a staircase to the Slime Pits.
 25327 | Lair:5   | Found a viscous altar of Jiyva.
 26775 | Orc:1    | Entered Level 1 of the Orcish Mines
 27177 | Orc:1    | Found a roughly hewn altar of Beogh.
 27337 | Orc:1    | Found a radiant altar of Vehumet.
 27507 | Orc:1    | Paralysed by an orc sorcerer for 5 turns
 28064 | Orc:1    | Found a radiant altar of Vehumet.
 28488 | Orc:1    | Identified the +10 mace of Balance {protect, *Slow rElec
                  | Str+3}
 28544 | Orc:1    | Reached skill level 15 in Fighting
 28568 | Orc:1    | Noticed a fire giant
 28596 | Orc:1    | Killed a fire giant
 29115 | Orc:2    | Entered Level 2 of the Orcish Mines
 29701 | Orc:2    | Found a staircase to the Elven Halls.
 29812 | Orc:2    | Reached skill level 19 in Axes
 30906 | Orc:2    | Reached XP level 15. HP: 127/141 MP: 15/15
 30970 | Orc:2    | Found a roughly hewn altar of Beogh.
 31129 | Orc:2    | Noticed Sonja
 31139 | Orc:2    | Killed Sonja
 31510 | Orc:2    | Found Jesoagg's Magic Scroll Emporium.
 31510 | Orc:2    | Found Cibadao's Antique Armour Shop.
 31512 | Orc:2    | Found Watywnixe's Magic Scroll Boutique.
 31514 | Orc:2    | Found Fuklin's Antique Weapon Shoppe.
 31518 | Orc:2    | Bought a scroll of teleportation for 42 gold pieces
 31518 | Orc:2    | Bought a scroll of brand weapon for 133 gold pieces
 31518 | Orc:2    | Bought a scroll of enchant weapon for 105 gold pieces
 31518 | Orc:2    | Bought a scroll of enchant weapon for 105 gold pieces
 31518 | Orc:2    | Bought a scroll of magic mapping for 105 gold pieces
 31519 | Orc:2    | Bought a pair of glowing boots for 225 gold pieces
 31528 | Orc:2    | Bought a scroll of enchant weapon for 120 gold pieces
 31528 | Orc:2    | Bought a scroll of blinking for 120 gold pieces
 31811 | D:11     | Found Adelizxu's Assorted Antiques.
 32169 | D:11     | Found Wojis's Magic Scroll Shoppe.
 32494 | D:11     | Found Korch's Antique Armour Boutique.
 32501 | D:11     | Bought a slimy plate armour for 840 gold pieces
 32501 | D:11     | Identified the +5 plate armour of Eruhet {rPois Regen+
                  | rCorr Int-3} (You bought it in a shop on level 11 of the
                  | Dungeon)
 32599 | D:11     | Noticed Urug
 32618 | D:11     | Killed Urug
 33102 | D:11     | Found a portal to a secret trove of treasure.
 33395 | D:12     | Noticed Psyche
 33407 | D:12     | Killed Psyche
 33431 | D:12     | Found a sparkling altar of Nemelex Xobeh.
 34060 | D:13     | Noticed Kirke
 34460 | D:12     | Noticed a sphinx
 34464 | D:12     | HP: 3/144 [sphinx[Kirke] (12)]
 34466 | D:12     | Mangled by Kirke

Illustrated notes

Levels and vault maps discovered:
D:1:      dpeg_arrival_simpleton_c, layout_basic,
          hellmonk_ecumenical_altar_lost_god
D:2:      cheibrodos_fertilizer, layout_loops_cross, corexii_shack,
          serial_bayou_lake_a
D:3:      layout_basic, lemuel_round_altar, uniq_robin
D:4:      layout_basic, mainiacjoe_overflow_cross_hatched,
          gammafunk_ghost_cemetery, uniq_blork_the_orc
D:5:      layout_loops_cross, uniq_pikel, uniq_sigmund
D:6:      layout_rooms, minmay_temple_entry_ruins, minmay_manual_monstrance
D:7:      minmay_thinvault, layout_loops_ring, gammafunk_temple_overflow_statue,
          mainiacjoe_overflow_catwalk_spiral, gammafunk_ghost_grave,
          uniq_menkaure
D:8:      layout_basic, lemuel_tele_altar, erik_lair_dragon, enter_ossuary_4
D:9:      layout_roguey, okawaru_trees_2, enter_bailey_5,
          nicolae_transmutations_shop
D:10:     layout_gridville, zombieorc1_lemuel, nzn_ghost_randoct
D:11:     layout_loops_corners, nicolae_trove_entry_crystal, serial_shops, shop,
          nicolae_diamond_shop, nicolae_square_shop, uniq_urug
D:12:     layout_roguey, nemelex_xobeh_ov_fountains_minmay, uniq_psyche
D:13:     layout_cave_pools, uniq_kirke, uniq_rupert
Temple:   nicolae_temple_great_sept
Lair:1:   layout_roguey, kennysheep_snail_temple, infiniplex_staircase_pool,
          grunt_megastairs_4
Lair:2:   layout_loops_ring, minmay_shoals_entry_centaurs,
          spider_nest_entry_web_field
Lair:3:   layout_loops_ring
Lair:4:   layout_cave_pods
Lair:5:   hangedman_lair_tendril_chambers, layout_regular_city,
          guppyfry_lair_end_dragon, slime_entry_1, basic_altar
Orc:1:    giant_chief_lemuel, layout_diamond_mine, hangedman_feature_mirror,
          mines2_david
Orc:2:    st_orc_rangers, layout_diamond_mine, basic_altar, uniq_sonja

Skill      XL: |  1  2  3  4  5  6  7  8  9 10 11 12 13 14 15 |
---------------+----------------------------------------------+-----
Fighting       | 4 5 6 8 9 10 12 14 15 16 | 16.0
Axes           | 3 4 6 8 10 12 15 16 17 18 19 | 19.6
Armour         | 4 5 6 7 8 10 11 13 14 | 14.8
Shields        | 4 5 7 8 10 12 13 | 13.3
Stealth        | 1 2 |  2.3
Dodging        | 1 2 |  2.2
Evocations     | 1 |  1.2
Throwing       | |  0.2

Action                   |  1- 3 |  4- 6 |  7- 9 | 10-12 | 13-15 || total
-------------------------+-------+-------+-------+-------+-------++-------
Melee: War axe           |   105 |   135 |   240 |   739 |   970 ||  2189
       Unarmed           |       |       |       |       |    16 ||    16
Throw: Javelin           |       |       |       |     6 |       ||     6
       Throwing net      |       |       |       |     3 |       ||     3
Invok: Potion Petition   |       |       |       |     2 |     9 ||    11
Evoke: Wand              |       |       |       |       |    13 ||    13
  Use: Potion            |       |     1 |     5 |    12 |     7 ||    25
       Scroll            |       |       |    11 |    22 |    10 ||    43
 Stab: Distracted        |       |       |     1 |     3 |     6 ||    10
Armor: Scale mail        |    25 |       |       |       |       ||    25
       Plate armour      |    32 |    95 |   139 |   323 |   369 ||   958
       Skin              |       |       |     1 |       |       ||     1
Dodge: Dodged            |    38 |    28 |    65 |   209 |   326 ||   666
Block: Buckler           |    17 |    36 |    49 |    48 |       ||   150
       Kite shield       |       |       |       |   303 |   742 ||  1045
       Reflection        |       |       |       |    11 |    72 ||    83
       Other             |       |       |       |       |     5 ||     5
